Jets vs Predators
(R1)
Created - April 9, 2020 at 19:07
Goals
|
| Jets |
0 |
1 |
0 |
1 |
| Predators |
1 |
1 |
0 |
2 |
|
Shots
|
| Jets |
8 |
13 |
13 |
34 |
| Predators |
22 |
4 |
6 |
32 |
|
1st period
1. Predators , Ryan Kesler 16 (Niclas Bergfors 26, Alexander Edler 35) at 7:58
Penalties :
Jacob Trouba (Win) for Hooking (Minor) at 3:10, Ryan Johansen (Win) for High sticking (Minor) at 10:42, Bobby Ryan (Win) for Holding (Minor) at 17:16
2nd period
2. Predators , Alexander Ovechkin 30 (Brendan Gallagher 36, Mikael Granlund 45) at 0:56 (PP)
3. Jets , Derek Stepan 28 (Jacob Trouba 8) at 14:56
Penalties :
Derek Stepan (Win) for Tripping (Minor) at 0:49, Kevin Hayes (Win) for Goalie Interference (Minor) at 1:25, Marcus Johansson (Win) for Roughing (Minor) at 5:02, Justin Faulk (Nas) for Goalie Interference (Minor) at 7:23, Ryan Kesler (Nas) for Roughing (Minor) at 10:25, Brendan Gallagher (Nas) for Interference (Minor) at 17:08
3rd period
No Goal
Penalties :
Derek Stepan (Win) for Cross-checking (Minor) at 5:04, Justin Faulk (Nas) for Holding (Minor) at 8:57
Goalie Stats
Jonathan Bernier (Win), 30 saves from 32 shots - (0.938), L, 19-18-2, 59:40 minutes
Viktor Fasth (Nas), 33 saves from 34 shots - (0.971), W, 29-18-6, 60:00 minutes
Players Stats for Jets
Player Name G A P +/- PIM S H SB GA TA FO MP PP MP PK MP
------------------------------------------------------------------------------------
Adam Henrique 0 0 0 1 0 6 1 0 1 0 2/3 17:06 4:20 0:23
Bobby Ryan 0 0 0 1 2 3 1 0 0 0 1/2 22:03 3:29 5:35
Derek Roy 0 0 0 0 0 2 0 0 0 0 1/2 7:42 0:00 0:00
Derek Stepan 1 0 1 1 4 3 1 0 1 0 8/19 17:05 4:20 0:00
Dwight King 0 0 0 0 0 1 1 0 0 1 0/0 8:03 0:00 0:46
Eric Gelinas 0 0 0 -1 0 1 2 2 2 0 0/0 19:13 3:16 4:21
Erik Haula 0 0 0 0 0 3 2 0 0 0 6/10 16:12 0:00 7:14
Jacob Trouba 0 1 1 1 2 2 1 3 0 0 0/0 15:52 0:00 3:38
Jared Spurgeon 0 0 0 1 0 0 1 0 0 0 0/0 11:48 0:00 0:00
Kevin Hayes 0 0 0 0 2 2 1 0 0 0 0/0 9:03 0:00 0:00
Marco Scandella 0 0 0 0 0 0 1 0 0 0 0/0 28:30 4:40 7:40
Marcus Johansson 0 0 0 -1 2 0 0 0 0 0 0/0 16:26 3:36 1:25
Nino Niederreiter 0 0 0 -1 0 4 2 0 1 0 1/4 19:49 4:19 3:52
Oscar Klefbom 0 0 0 -1 0 1 0 0 2 0 0/0 17:03 3:16 0:43
Ryan Johansen 0 0 0 -1 2 1 1 0 0 0 12/21 19:26 3:36 3:58
Ryan Strome 0 0 0 0 0 1 1 0 0 0 0/0 6:38 0:08 0:00
Sam Gagner 0 0 0 0 0 2 1 1 0 0 2/6 8:19 0:00 0:49
Tyler Myers 0 0 0 0 0 2 1 0 1 1 0/0 27:34 4:40 7:40
Players Stats for Predators
Player Name G A P +/- PIM S H SB GA TA FO MP PP MP PK MP
------------------------------------------------------------------------------------
Alex Killorn 0 0 0 0 0 2 1 0 0 0 1/1 12:44 4:56 0:00
Alexander Edler 0 1 1 1 0 0 2 1 0 2 0/0 28:32 7:22 5:25
Alexander Ovechkin 1 0 1 -1 0 5 2 2 0 0 5/11 24:48 6:58 4:43
Alexander Steen 0 0 0 1 0 1 0 0 0 0 0/0 13:54 0:00 1:33
Andy Miele 0 0 0 0 0 5 0 0 0 0 4/4 9:53 0:07 1:37
Brendan Gallagher 0 1 1 -1 2 2 2 0 0 0 3/4 23:39 6:58 3:02
Dmitri Kalinin 0 0 0 0 0 0 0 1 0 1 0/0 12:13 0:00 0:00
George Parros 0 0 0 0 0 0 0 1 0 0 0/0 5:59 0:00 0:00
John Moore 0 0 0 0 0 0 1 3 0 0 0/0 22:22 4:39 2:31
Justin Abdelkader 0 0 0 0 0 3 0 0 1 0 0/1 8:54 0:07 2:33
Justin Faulk 0 0 0 -1 4 1 1 1 0 1 0/0 16:16 4:39 0:00
Maxim Afinogenov 0 0 0 0 0 0 0 0 0 0 0/0 8:25 0:00 1:37
Mikael Granlund 0 1 1 -1 0 0 1 1 0 2 13/24 21:37 7:05 0:47
Nate Schmidt 0 0 0 -1 0 3 1 0 0 1 0/0 12:36 0:00 2:31
Niclas Bergfors 0 1 1 1 0 3 2 0 0 0 0/0 17:27 4:56 0:00
Nik Antropov 0 0 0 0 0 1 2 0 0 1 2/6 5:32 0:00 0:00
Ryan Kesler 1 0 1 1 2 2 1 0 1 0 6/16 18:37 4:56 0:00
Ryan Mcdonagh 0 0 0 1 0 4 2 1 0 0 0/0 28:32 7:22 5:25
3 Stars
1 - Viktor Fasth (Nas)
2 - Alexander Ovechkin (Nas)
3 - Alexander Edler (Nas)
Power Play
Jets - 0 on 4 Attempt(s) - 0.00%
Predators - 1 on 7 Attempt(s) - 14.29%
Penalty Kill
Jets - 6 on 7 Attempt(s) - 85.71%
- Score 0 goal in Penalty Kill
Predators - 4 on 4 Attempt(s) - 100.00%
- Score 0 goal in Penalty Kill
Team Stat
Jets - Hits : 18 - Faceoff Wins : 33 - Blocked Shots : 6 - Penalty Minutes : 14
Predators - Hits : 18 - Faceoff Wins : 34 - Blocked Shots : 11 - Penalty Minutes : 8
Official
Referees : Unknown
Linesman : Unknown
Game Notes
No Game Note
Finance
Level 1 -- Attendance: 5998 (99.97%) -- Ticket Income $629,790
Level 2 -- Attendance: 4176 (83.52%) -- Ticket Income $283,968
Level 3 -- Attendance: 1896 (94.80%) -- Ticket Income $79,632
Level 4 -- Attendance: 3504 (87.60%) -- Ticket Income $105,120
Luxury Box -- Attendance: 707 (70.70%) -- Ticket Income $141,400
Game was played at the Wildcat center.
Total Attendance: 16281 (90.45%)
Total Ticket Income: $1,239,910
Other Income: $185,986
Total Income: $1,425,896
Jets
5 vs 5 Forward
Center Left Wing Right Wing Time % Phy DF OF
1 Derek Stepan Adam Henrique Bobby Ryan 36 1 1 3
2 Ryan Johansen Marcus Johansson Nino Niederreiter 35 1 1 3
3 Derek Roy Erik Haula Kevin Hayes 19 1 2 2
4 Sam Gagner Dwight King Ryan Strome 10 1 2 2
5 vs 5 Defense
Defense Defense Time % Phy DF OF
1 Marco Scandella Tyler Myers 40 2 2 1
2 Eric Gelinas Oscar Klefbom 30 1 2 2
3 Jared Spurgeon Jacob Trouba 20 1 2 2
4 Marco Scandella Tyler Myers 10 1 2 2
PowerPlay Forward
Center Left Wing Right Wing Time % Phy DF OF
1 Derek Stepan Adam Henrique Nino Niederreiter 60 1 0 4
2 Ryan Johansen Marcus Johansson Bobby Ryan 40 0 0 5
PowerPlay Defense
Defense Defense Time % Phy DF OF
1 Marco Scandella Tyler Myers 60 0 1 4
2 Eric Gelinas Oscar Klefbom 40 1 2 2
Penalty Kill 4 Players Forward
Center Wing Time % Phy DF OF
1 Erik Haula Bobby Ryan 60 1 3 1
2 Ryan Johansen Nino Niederreiter 40 2 3 0
Penalty Kill 4 Players Defense
Defense Defense Time % Phy DF OF
1 Marco Scandella Tyler Myers 60 1 4 0
2 Jacob Trouba Eric Gelinas 40 1 4 0
Penalty Kill - 3 Players Forward
Forward Time % Phy DF OF
1 Erik Haula 60 0 4 1
2 Nino Niederreiter 40 0 4 1
Penalty Kill - 3 Players Defense
Defense Defense Time % Phy DF OF
1 Marco Scandella Tyler Myers 60 0 4 1
2 Eric Gelinas Jacob Trouba 40 0 4 1
4 vs 4 Forward
Center Wing Time % Phy DF OF
1 Derek Stepan Adam Henrique 60 1 2 2
2 Ryan Johansen Marcus Johansson 40 1 2 2
4 vs 4 Defense
Defense Defense Time % Phy DF OF
1 Marco Scandella Eric Gelinas 60 1 2 2
2 Tyler Myers Oscar Klefbom 40 1 2 2
Last Minutes Offensive
Center Left Wing Right Wing Defense Defense
Derek Stepan Adam Henrique Nino Niederreiter Oscar Klefbom Marco Scandella
Last Minutes Defensive
Center Left Wing Right Wing Defense Defense
Ryan Johansen Erik Haula Nino Niederreiter Marco Scandella Tyler Myers
Goaltenders
Starting : Jonathan Bernier
Backup : Kari Lehtonen
Extra Forwards
Normal : Ryan Johansen, Erik Haula, Marcus Johansson - PP : Derek Stepan, Adam Henrique - PK : Bobby Ryan
Extra Defensemen
Normal : Tyler Myers, Marco Scandella, Eric Gelinas - PP : Tyler Myers - PK : Marco Scandella, Eric Gelinas
Penalty Shots
Ryan Johansen, Erik Haula, Adam Henrique, Sam Gagner, Marcus Johansson
Scratches
None
Predators
5 vs 5 Forward
Center Left Wing Right Wing Time % Phy DF OF
1 Mikael Granlund Alexander Ovechkin Brendan Gallagher 40 1 2 2
2 Ryan Kesler Alexander Steen Niclas Bergfors 30 1 2 2
3 Andy Miele Alex Killorn Maxim Afinogenov 20 1 2 2
4 Nik Antropov Justin Abdelkader George Parros 10 2 2 1
5 vs 5 Defense
Defense Defense Time % Phy DF OF
1 Ryan Mcdonagh Alexander Edler 40 1 2 2
2 John Moore Dmitri Kalinin 30 1 2 2
3 Nate Schmidt Justin Faulk 20 1 2 2
4 Ryan Mcdonagh Alexander Edler 10 1 2 2
PowerPlay Forward
Center Left Wing Right Wing Time % Phy DF OF
1 Mikael Granlund Alexander Ovechkin Brendan Gallagher 60 1 0 4
2 Ryan Kesler Alex Killorn Niclas Bergfors 40 1 0 4
PowerPlay Defense
Defense Defense Time % Phy DF OF
1 Ryan Mcdonagh Alexander Edler 60 1 1 3
2 Justin Faulk John Moore 40 1 1 3
Penalty Kill 4 Players Forward
Center Wing Time % Phy DF OF
1 Alexander Ovechkin Brendan Gallagher 60 1 2 2
2 Andy Miele Maxim Afinogenov 40 1 2 2
Penalty Kill 4 Players Defense
Defense Defense Time % Phy DF OF
1 Ryan Mcdonagh Alexander Edler 60 1 3 1
2 John Moore Nate Schmidt 40 1 3 1
Penalty Kill - 3 Players Forward
Forward Time % Phy DF OF
1 Andy Miele 60 1 2 2
2 Alexander Ovechkin 40 1 2 2
Penalty Kill - 3 Players Defense
Defense Defense Time % Phy DF OF
1 Ryan Mcdonagh Alexander Edler 60 1 2 2
2 John Moore Nate Schmidt 40 1 2 2
4 vs 4 Forward
Center Wing Time % Phy DF OF
1 Ryan Kesler Niclas Bergfors 60 1 2 2
2 Alexander Ovechkin Brendan Gallagher 40 1 2 2
4 vs 4 Defense
Defense Defense Time % Phy DF OF
1 Ryan Mcdonagh Alexander Edler 60 1 2 2
2 John Moore Justin Faulk 40 1 2 2
Last Minutes Offensive
Center Left Wing Right Wing Defense Defense
Mikael Granlund Alexander Ovechkin Niclas Bergfors Ryan Mcdonagh Alexander Edler
Last Minutes Defensive
Center Left Wing Right Wing Defense Defense
Ryan Kesler Alexander Ovechkin Andy Miele Ryan Mcdonagh John Moore
Goaltenders
Starting : Viktor Fasth
Backup : Anders Lindback
Extra Forwards
Normal : Justin Abdelkader, Andy Miele, Maxim Afinogenov - PP : Justin Abdelkader, Andy Miele - PK : Justin Abdelkader
Extra Defensemen
Normal : Justin Faulk, Nate Schmidt, John Moore - PP : John Moore - PK : Justin Faulk, Nate Schmidt
Penalty Shots
Ryan Kesler, Niclas Bergfors, Alexander Ovechkin, Mikael Granlund, Maxim Afinogenov
Scratches
Byron Bitz (Broken Bone (Right Arm) Injury), Denis Grebeshkov (Healthy)
% Time on Ice - Jets
Lines # - Real PCT - Wanted PCT - Time Play
Normal Forward
1 - 34% - 36% - 13:09
2 - 31% - 35% - 12:04
3 - 20% - 19% - 7:42
4 - 15% - 10% - 5:54
Normal Defense
1 - 37% - 40% - 14:15
2 - 30% - 30% - 11:43
3 - 30% - 20% - 11:48
4 - 3% - 10% - 1:03
PP Forward
1 - 55% - 60% - 4:20
2 - 45% - 40% - 3:36
PP Defense
1 - 59% - 60% - 4:40
2 - 41% - 40% - 3:16
PK Forward
1 - 68% - 60% - 8:09
2 - 32% - 40% - 3:52
PK Defense
1 - 64% - 60% - 7:40
2 - 36% - 40% - 4:21
PK3 Forward
1 - 0% - 60%
2 - 0% - 40%
PK3 Defense
1 - 0% - 60%
2 - 0% - 40%
44 Forward
1 - 0% - 60%
2 - 0% - 40%
44 Defense
1 - 0% - 60%
2 - 0% - 40%
Last Minute Offensive - 1:14
Last Minute Defensive - 0:00
Total
Forward - 60:00
Defense - 60:00
|
% Time on Ice - Predators
Lines # - Real PCT - Wanted PCT - Time Play
Normal Forward
1 - 35% - 40% - 13:45
2 - 34% - 30% - 13:16
3 - 16% - 20% - 6:22
4 - 14% - 10% - 5:25
Normal Defense
1 - 40% - 40% - 15:23
2 - 38% - 30% - 14:37
3 - 22% - 20% - 8:26
4 - 1% - 10% - 0:22
PP Forward
1 - 59% - 60% - 7:05
2 - 41% - 40% - 4:56
PP Defense
1 - 61% - 60% - 7:22
2 - 39% - 40% - 4:39
PK Forward
1 - 80% - 60% - 6:19
2 - 20% - 40% - 1:37
PK Defense
1 - 68% - 60% - 5:25
2 - 32% - 40% - 2:31
PK3 Forward
1 - 0% - 60%
2 - 0% - 40%
PK3 Defense
1 - 0% - 60%
2 - 0% - 40%
44 Forward
1 - 0% - 60%
2 - 0% - 40%
44 Defense
1 - 0% - 60%
2 - 0% - 40%
Last Minute Offensive - 0:00
Last Minute Defensive - 1:15
Total
Forward - 60:00
Defense - 60:00
|
Play-by-Play
1st period
0:01 of 1st period - Mikael Granlund wins face-off versus Adam Henrique in neutral zone.
0:37 of 1st period - Marcus Johansson is hit by Niclas Bergfors and loses puck.
0:58 of 1st period - Snap shot by Andy Miele.
0:58 of 1st period - Stopped by Jonathan Bernier without a rebound.
0:59 of 1st period - Nik Antropov wins face-off versus Sam Gagner in Jets zone.
1:24 of 1st period - Nate Schmidt is hit by Derek Stepan and loses puck.
2:06 of 1st period - Wrist shot by Maxim Afinogenov.
2:06 of 1st period - Shot Misses the Net.
2:08 of 1st period - Snap shot by Ryan Mcdonagh.
2:08 of 1st period - Shot Blocked by Eric Gelinas.
2:10 of 1st period - Slapshot by Ryan Mcdonagh.
2:10 of 1st period - Stopped by Jonathan Bernier with a rebound.
2:46 of 1st period - Wrist shot by Derek Stepan.
2:46 of 1st period - Stopped by Viktor Fasth without a rebound.
2:47 of 1st period - Mikael Granlund wins face-off versus Ryan Johansen in Predators zone.
3:10 of 1st period - Minor Penalty to Jacob Trouba for Hooking.
3:11 of 1st period - Erik Haula wins face-off versus Mikael Granlund in Jets zone.
3:51 of 1st period - Snap shot by Alexander Ovechkin.
3:51 of 1st period - Deflect By Mikael Granlund.
3:51 of 1st period - Shot Misses the Net.
3:51 of 1st period - Puck is out of play.
3:52 of 1st period - Erik Haula wins face-off versus Ryan Kesler in Jets zone.
4:09 of 1st period - Wrist shot by Niclas Bergfors.
4:09 of 1st period - Shot Blocked by Eric Gelinas.
5:10 of 1st period - Penalty to Jacob Trouba is over, Jacob Trouba is back on ice.
5:22 of 1st period - Ryan Strome is hit by Nik Antropov and loses puck.
5:31 of 1st period - John Moore is hit by Ryan Strome and loses puck.
5:46 of 1st period - Snap shot by Alex Killorn.
5:46 of 1st period - Deflect By Andy Miele.
5:46 of 1st period - Shot Misses the Net.
5:46 of 1st period - Puck is out of play.
5:47 of 1st period - Alex Killorn wins face-off versus Ryan Johansen in Jets zone.
6:51 of 1st period - Nate Schmidt is hit by Sam Gagner and loses puck.
7:15 of 1st period - Wrist shot by Mikael Granlund.
7:15 of 1st period - Shot Blocked by Jacob Trouba.
7:17 of 1st period - Wrist shot by Alex Killorn.
7:17 of 1st period - Stopped by Jonathan Bernier with a rebound.
7:19 of 1st period - Slapshot by Andy Miele.
7:19 of 1st period - Stopped by Jonathan Bernier with a rebound.
7:21 of 1st period - Wrist shot by Alex Killorn.
7:21 of 1st period - Deflect By Andy Miele.
7:21 of 1st period - Stopped by Jonathan Bernier with a rebound.
7:23 of 1st period - Slapshot by Nate Schmidt.
7:23 of 1st period - Deflect By Marcus Johansson.
7:23 of 1st period - Stopped by Jonathan Bernier without a rebound.
7:24 of 1st period - Derek Roy wins face-off versus Mikael Granlund in Jets zone.
7:24 of 1st period - Derek Roy is hit by Ryan Mcdonagh.
7:36 of 1st period - Wrist shot by Erik Haula.
7:36 of 1st period - Shot Blocked by Alexander Edler.
7:38 of 1st period - Backhand shot by Oscar Klefbom.
7:38 of 1st period - Deflect By Derek Roy.
7:38 of 1st period - Shot Misses the Net.
7:38 of 1st period - Puck is out of play.
7:39 of 1st period - Ryan Johansen wins face-off versus Ryan Kesler in Predators zone.
7:42 of 1st period - Wrist shot by Nino Niederreiter.
7:42 of 1st period - Stopped by Viktor Fasth without a rebound.
7:43 of 1st period - Ryan Kesler wins face-off versus Nino Niederreiter in Predators zone.
7:58 of 1st period - Slapshot by Ryan Kesler.
7:58 of 1st period - Goal by Ryan Kesler - Jets : 0 - Predators : 1.
7:59 of 1st period - Ryan Johansen wins face-off versus Mikael Granlund in neutral zone.
8:10 of 1st period - Snap shot by Brendan Gallagher.
8:10 of 1st period - Stopped by Jonathan Bernier without a rebound.
8:11 of 1st period - Mikael Granlund wins face-off versus Ryan Johansen in Jets zone.
8:38 of 1st period - Ryan Mcdonagh is hit by Marco Scandella and loses puck.
9:16 of 1st period - Wrist shot by Erik Haula.
9:16 of 1st period - Stopped by Viktor Fasth with a rebound.
9:19 of 1st period - Icing by John Moore.
9:20 of 1st period - Andy Miele wins face-off versus Ryan Johansen in Predators zone.
9:26 of 1st period - Snap shot by Marcus Johansson.
9:26 of 1st period - Shot Misses the Net.
9:53 of 1st period - Slapshot by John Moore.
9:53 of 1st period - Deflect By Alexander Ovechkin.
9:53 of 1st period - Stopped by Jonathan Bernier with a rebound.
9:55 of 1st period - Backhand shot by Brendan Gallagher.
9:55 of 1st period - Shot Misses the Net.
9:57 of 1st period - Slapshot by Dmitri Kalinin.
9:57 of 1st period - Shot Misses the Net.
10:17 of 1st period - Wrist shot by Derek Roy.
10:17 of 1st period - Shot Misses the Net.
10:19 of 1st period - Slapshot by Jacob Trouba.
10:19 of 1st period - Shot Blocked by Ryan Mcdonagh.
10:21 of 1st period - Slapshot by Jacob Trouba.
10:21 of 1st period - Stopped by Viktor Fasth with a rebound.
10:23 of 1st period - Wrist shot by Erik Haula.
10:23 of 1st period - Stopped by Viktor Fasth without a rebound.
10:24 of 1st period - Ryan Johansen wins face-off versus Brendan Gallagher in Predators zone.
10:42 of 1st period - Minor Penalty to Ryan Johansen for High sticking.
10:43 of 1st period - Brendan Gallagher wins face-off versus Erik Haula in Jets zone.
11:19 of 1st period - Wrist shot by Brendan Gallagher.
11:19 of 1st period - Shot Misses the Net.
11:23 of 1st period - Wrist shot by Alexander Ovechkin.
11:23 of 1st period - Shot Misses the Net.
11:31 of 1st period - Wrist shot by Brendan Gallagher.
11:31 of 1st period - Stopped by Jonathan Bernier without a rebound.
11:32 of 1st period - Erik Haula wins face-off versus Ryan Kesler in Jets zone.
11:43 of 1st period - Snap shot by Ryan Kesler.
11:43 of 1st period - Shot Misses the Net.
12:42 of 1st period - Penalty to Ryan Johansen is over, Ryan Johansen is back on ice.
13:00 of 1st period - Snap shot by Justin Abdelkader.
13:00 of 1st period - Stopped by Jonathan Bernier without a rebound.
13:01 of 1st period - Ryan Johansen wins face-off versus Nik Antropov in Jets zone.
13:01 of 1st period - Ryan Johansen is hit by Justin Faulk.
13:07 of 1st period - Wrist shot by Justin Abdelkader.
13:07 of 1st period - Stopped by Jonathan Bernier without a rebound.
13:08 of 1st period - Ryan Johansen wins face-off versus Nik Antropov in Jets zone.
13:08 of 1st period - Ryan Johansen is hit by Nate Schmidt.
13:24 of 1st period - Slapshot by Justin Faulk.
13:24 of 1st period - Stopped by Jonathan Bernier with a rebound.
13:34 of 1st period - Justin Faulk is hit by Eric Gelinas and loses puck.
13:44 of 1st period - Off-side.
13:45 of 1st period - Derek Stepan wins face-off versus Ryan Kesler in neutral zone.
14:27 of 1st period - Marco Scandella is hit by Alexander Ovechkin and loses puck.
14:38 of 1st period - Slapshot by Justin Abdelkader.
14:38 of 1st period - Stopped by Jonathan Bernier without a rebound.
14:39 of 1st period - Derek Stepan wins face-off versus Nik Antropov in Jets zone.
14:52 of 1st period - Slapshot by Bobby Ryan.
14:52 of 1st period - Stopped by Viktor Fasth with a rebound.
14:54 of 1st period - Snap shot by Derek Stepan.
14:54 of 1st period - Shot Blocked by George Parros.
14:56 of 1st period - Wrist shot by Eric Gelinas.
14:56 of 1st period - Stopped by Viktor Fasth with a rebound.
15:10 of 1st period - Snap shot by Alexander Ovechkin.
15:10 of 1st period - Stopped by Jonathan Bernier without a rebound.
15:11 of 1st period - Mikael Granlund wins face-off versus Ryan Johansen in Jets zone.
15:26 of 1st period - Wrist shot by Alexander Ovechkin.
15:26 of 1st period - Stopped by Jonathan Bernier with a rebound.
15:28 of 1st period - Slapshot by Ryan Mcdonagh.
15:28 of 1st period - Stopped by Jonathan Bernier with a rebound.
15:30 of 1st period - Backhand shot by Ryan Mcdonagh.
15:30 of 1st period - Stopped by Jonathan Bernier with a rebound.
15:32 of 1st period - Slapshot by Ryan Mcdonagh.
15:32 of 1st period - Stopped by Jonathan Bernier without a rebound.
15:33 of 1st period - Derek Stepan wins face-off versus Ryan Kesler in Jets zone.
16:07 of 1st period - Backhand shot by Erik Haula.
16:07 of 1st period - Shot Misses the Net.
16:09 of 1st period - Slapshot by Kevin Hayes.
16:09 of 1st period - Stopped by Viktor Fasth without a rebound.
16:10 of 1st period - Mikael Granlund wins face-off versus Nino Niederreiter in Predators zone.
16:37 of 1st period - Ryan Mcdonagh is hit by Adam Henrique and loses puck.
16:43 of 1st period - Off-side.
16:44 of 1st period - Mikael Granlund wins face-off versus Derek Stepan in neutral zone.
16:47 of 1st period - Snap shot by Alexander Ovechkin.
16:47 of 1st period - Shot Blocked by Jacob Trouba.
16:49 of 1st period - Backhand shot by Nate Schmidt.
16:49 of 1st period - Stopped by Jonathan Bernier with a rebound.
16:51 of 1st period - Slapshot by Mikael Granlund.
16:51 of 1st period - Shot Blocked by Jacob Trouba.
16:53 of 1st period - Slapshot by Nate Schmidt.
16:53 of 1st period - Deflect By Bobby Ryan.
16:53 of 1st period - Stopped by Jonathan Bernier without a rebound.
16:54 of 1st period - Mikael Granlund wins face-off versus Derek Stepan in Jets zone.
17:09 of 1st period - Snap shot by Adam Henrique.
17:09 of 1st period - Shot Misses the Net.
17:16 of 1st period - Minor Penalty to Bobby Ryan for Holding.
17:17 of 1st period - Mikael Granlund wins face-off versus Erik Haula in Jets zone.
17:22 of 1st period - Snap shot by Alexander Ovechkin.
17:22 of 1st period - Stopped by Jonathan Bernier with a rebound.
18:08 of 1st period - Jacob Trouba is hit by Alexander Ovechkin and loses puck.
19:16 of 1st period - Penalty to Bobby Ryan is over, Bobby Ryan is back on ice.
19:46 of 1st period - Alexander Edler is hit by Jared Spurgeon and loses puck.
19:57 of 1st period - Alexander Edler is hit by Nino Niederreiter and loses puck.
Goals for this period are 0 for Jets vs 1 for Predators.
Shots for this period are 8 for Jets vs 22 for Predators.
2nd period
0:01 of 2nd period - Ryan Johansen wins face-off versus Ryan Kesler in neutral zone.
0:43 of 2nd period - Brendan Gallagher is hit by Bobby Ryan and loses puck.
0:49 of 2nd period - Minor Penalty to Derek Stepan for Tripping.
0:50 of 2nd period - Mikael Granlund wins face-off versus Bobby Ryan in Jets zone.
0:56 of 2nd period - Snap shot by Alexander Ovechkin.
0:56 of 2nd period - Goal by Alexander Ovechkin - Jets : 0 - Predators : 2.
0:57 of 2nd period - Ryan Kesler wins face-off versus Ryan Johansen in neutral zone.
1:04 of 2nd period - Slapshot by Ryan Kesler.
1:04 of 2nd period - Stopped by Jonathan Bernier without a rebound.
1:05 of 2nd period - Ryan Johansen wins face-off versus Ryan Kesler in Jets zone.
1:18 of 2nd period - Slapshot by Nino Niederreiter.
1:18 of 2nd period - Stopped by Viktor Fasth with a rebound.
1:25 of 2nd period - Minor Penalty to Kevin Hayes for Goalie Interference.
1:26 of 2nd period - Brendan Gallagher wins face-off versus Erik Haula in Jets zone.
2:25 of 2nd period - Slapshot by Eric Gelinas.
2:25 of 2nd period - Shot Blocked by Justin Faulk.
2:27 of 2nd period - Slapshot by Eric Gelinas.
2:27 of 2nd period - Deflect By Ryan Johansen.
2:27 of 2nd period - Shot Misses the Net.
2:27 of 2nd period - Puck is out of play.
2:28 of 2nd period - Ryan Johansen wins face-off versus Mikael Granlund in Predators zone.
2:29 of 2nd period - Snap shot by Nino Niederreiter.
2:29 of 2nd period - Shot Misses the Net.
2:31 of 2nd period - Slapshot by Tyler Myers.
2:31 of 2nd period - Stopped by Viktor Fasth without a rebound.
2:32 of 2nd period - Ryan Johansen wins face-off versus Mikael Granlund in Predators zone.
3:25 of 2nd period - Penalty to Kevin Hayes is over, Kevin Hayes is back on ice.
3:28 of 2nd period - Off-side.
3:29 of 2nd period - Nino Niederreiter wins face-off versus Nik Antropov in neutral zone.
3:40 of 2nd period - Marcus Johansson is hit by Nik Antropov and loses puck.
3:55 of 2nd period - Alexander Edler is hit by Eric Gelinas and loses puck.
4:26 of 2nd period - Slapshot by Niclas Bergfors.
4:26 of 2nd period - Stopped by Jonathan Bernier without a rebound.
4:27 of 2nd period - Ryan Kesler wins face-off versus Derek Stepan in Jets zone.
4:54 of 2nd period - John Moore is hit by Tyler Myers and loses puck.
5:02 of 2nd period - Minor Penalty to Marcus Johansson for Roughing.
5:03 of 2nd period - Mikael Granlund wins face-off versus Erik Haula in Jets zone.
6:33 of 2nd period - Icing by Brendan Gallagher.
6:34 of 2nd period - Ryan Johansen wins face-off versus Mikael Granlund in Predators zone.
7:02 of 2nd period - Penalty to Marcus Johansson is over, Marcus Johansson is back on ice.
7:23 of 2nd period - Minor Penalty to Justin Faulk for Goalie Interference.
7:24 of 2nd period - Derek Stepan wins face-off versus Alexander Ovechkin in Predators zone.
9:08 of 2nd period - Oscar Klefbom is hit by Mikael Granlund.
9:23 of 2nd period - Penalty to Justin Faulk is over, Justin Faulk is back on ice.
9:25 of 2nd period - Icing by Alexander Edler.
9:26 of 2nd period - Andy Miele wins face-off versus Ryan Johansen in Predators zone.
9:37 of 2nd period - Snap shot by Andy Miele.
9:37 of 2nd period - Stopped by Jonathan Bernier with a rebound.
10:25 of 2nd period - Minor Penalty to Ryan Kesler for Roughing.
10:26 of 2nd period - Alexander Ovechkin wins face-off versus Derek Stepan in Predators zone.
12:25 of 2nd period - Penalty to Ryan Kesler is over, Ryan Kesler is back on ice.
12:56 of 2nd period - Wrist shot by Dwight King.
12:56 of 2nd period - Shot Misses the Net.
13:20 of 2nd period - Eric Gelinas is hit by Brendan Gallagher and loses puck.
13:53 of 2nd period - Slapshot by Oscar Klefbom.
13:53 of 2nd period - Stopped by Viktor Fasth with a rebound.
14:39 of 2nd period - Tyler Myers is hit by Alex Killorn and loses puck.
14:56 of 2nd period - Snap shot by Derek Stepan.
14:56 of 2nd period - Goal by Derek Stepan - Jets : 1 - Predators : 2.
14:57 of 2nd period - Mikael Granlund wins face-off versus Ryan Johansen in neutral zone.
15:04 of 2nd period - Icing by Nino Niederreiter.
15:05 of 2nd period - Alexander Ovechkin wins face-off versus Nino Niederreiter in Jets zone.
15:16 of 2nd period - Snap shot by Alexander Ovechkin.
15:16 of 2nd period - Shot Misses the Net.
15:49 of 2nd period - Marcus Johansson is hit by Alexander Edler and loses puck.
16:02 of 2nd period - Snap shot by Nino Niederreiter.
16:02 of 2nd period - Stopped by Viktor Fasth without a rebound.
16:03 of 2nd period - Adam Henrique wins face-off versus Ryan Kesler in Predators zone.
16:10 of 2nd period - Snap shot by Adam Henrique.
16:10 of 2nd period - Stopped by Viktor Fasth without a rebound.
16:11 of 2nd period - Ryan Kesler wins face-off versus Derek Stepan in Predators zone.
16:44 of 2nd period - Snap shot by Adam Henrique.
16:44 of 2nd period - Stopped by Viktor Fasth with a rebound.
16:46 of 2nd period - Snap shot by Adam Henrique.
16:46 of 2nd period - Stopped by Viktor Fasth without a rebound.
16:47 of 2nd period - Ryan Johansen wins face-off versus Mikael Granlund in Predators zone.
16:48 of 2nd period - Wrist shot by Marcus Johansson.
16:48 of 2nd period - Shot Blocked by Alexander Ovechkin.
17:08 of 2nd period - Minor Penalty to Brendan Gallagher for Interference.
17:09 of 2nd period - Derek Stepan wins face-off versus Alexander Ovechkin in Predators zone.
17:16 of 2nd period - Snap shot by Adam Henrique.
17:16 of 2nd period - Stopped by Viktor Fasth without a rebound.
17:17 of 2nd period - Adam Henrique wins face-off versus Alexander Ovechkin in Predators zone.
17:20 of 2nd period - Wrist shot by Adam Henrique.
17:20 of 2nd period - Stopped by Viktor Fasth without a rebound.
17:21 of 2nd period - Alexander Ovechkin wins face-off versus Derek Stepan in Predators zone.
17:50 of 2nd period - Slapshot by Bobby Ryan.
17:50 of 2nd period - Stopped by Viktor Fasth with a rebound.
17:52 of 2nd period - Snap shot by Ryan Johansen.
17:52 of 2nd period - Stopped by Viktor Fasth without a rebound.
17:53 of 2nd period - Ryan Johansen wins face-off versus Alexander Ovechkin in Predators zone.
18:04 of 2nd period - Snap shot by Marcus Johansson.
18:04 of 2nd period - Shot Misses the Net.
18:06 of 2nd period - Slapshot by Oscar Klefbom.
18:06 of 2nd period - Deflect By Bobby Ryan.
18:06 of 2nd period - Shot Blocked by Alexander Ovechkin.
18:06 of 2nd period - Puck is out of play.
18:07 of 2nd period - Derek Stepan wins face-off versus Alexander Ovechkin in Predators zone.
18:42 of 2nd period - Snap shot by Marcus Johansson.
18:42 of 2nd period - Shot Misses the Net.
19:08 of 2nd period - Penalty to Brendan Gallagher is over, Brendan Gallagher is back on ice.
19:22 of 2nd period - Kevin Hayes is hit by John Moore and loses puck.
19:35 of 2nd period - Snap shot by Ryan Strome.
19:35 of 2nd period - Stopped by Viktor Fasth without a rebound.
19:36 of 2nd period - Andy Miele wins face-off versus Sam Gagner in Predators zone.
19:45 of 2nd period - Snap shot by Andy Miele.
19:45 of 2nd period - Shot Misses the Net.
Goals for this period are 1 for Jets vs 1 for Predators.
Shots for this period are 13 for Jets vs 4 for Predators.
3rd period
0:01 of 3rd period - Mikael Granlund wins face-off versus Derek Stepan in neutral zone.
0:26 of 3rd period - Ryan Johansen is hit by Ryan Kesler and loses puck.
0:53 of 3rd period - Slapshot by Derek Roy.
0:53 of 3rd period - Stopped by Viktor Fasth with a rebound.
0:55 of 3rd period - Snap shot by Derek Roy.
0:55 of 3rd period - Shot Misses the Net.
0:57 of 3rd period - Slapshot by Tyler Myers.
0:57 of 3rd period - Stopped by Viktor Fasth with a rebound.
0:59 of 3rd period - Slapshot by Tyler Myers.
0:59 of 3rd period - Deflect By Kevin Hayes.
0:59 of 3rd period - Stopped by Viktor Fasth with a rebound.
1:57 of 3rd period - Slapshot by Ryan Johansen.
1:57 of 3rd period - Shot Blocked by John Moore.
1:59 of 3rd period - Slapshot by Jared Spurgeon.
1:59 of 3rd period - Shot Blocked by Dmitri Kalinin.
2:55 of 3rd period - Adam Henrique is hit by Ryan Mcdonagh and loses puck.
3:46 of 3rd period - Wrist shot by Derek Roy.
3:46 of 3rd period - Stopped by Viktor Fasth without a rebound.
3:47 of 3rd period - Derek Stepan wins face-off versus Alexander Ovechkin in Predators zone.
3:54 of 3rd period - Wrist shot by Bobby Ryan.
3:54 of 3rd period - Stopped by Viktor Fasth without a rebound.
3:55 of 3rd period - Bobby Ryan wins face-off versus Mikael Granlund in Predators zone.
4:08 of 3rd period - Wrist shot by Derek Stepan.
4:08 of 3rd period - Shot Misses the Net.
4:22 of 3rd period - Ryan Johansen is hit by Niclas Bergfors and loses puck.
4:47 of 3rd period - Slapshot by Dwight King.
4:47 of 3rd period - Stopped by Viktor Fasth with a rebound.
4:49 of 3rd period - Wrist shot by Sam Gagner.
4:49 of 3rd period - Shot Misses the Net.
4:51 of 3rd period - Wrist shot by Dwight King.
4:51 of 3rd period - Shot Misses the Net.
4:53 of 3rd period - Wrist shot by Sam Gagner.
4:53 of 3rd period - Stopped by Viktor Fasth without a rebound.
4:54 of 3rd period - Brendan Gallagher wins face-off versus Derek Stepan in Predators zone.
5:04 of 3rd period - Minor Penalty to Derek Stepan for Cross-checking.
5:05 of 3rd period - Erik Haula wins face-off versus Mikael Granlund in Jets zone.
5:13 of 3rd period - Ryan Mcdonagh is hit by Erik Haula and loses puck.
5:27 of 3rd period - Icing by Alexander Ovechkin.
5:28 of 3rd period - Erik Haula wins face-off versus Mikael Granlund in Predators zone.
5:35 of 3rd period - Wrist shot by Bobby Ryan.
5:35 of 3rd period - Deflect By Erik Haula.
5:35 of 3rd period - Stopped by Viktor Fasth without a rebound.
5:36 of 3rd period - Erik Haula wins face-off versus Ryan Kesler in Predators zone.
6:52 of 3rd period - John Moore is hit by Ryan Johansen and loses puck.
7:04 of 3rd period - Penalty to Derek Stepan is over, Derek Stepan is back on ice.
7:27 of 3rd period - Icing by Justin Faulk.
7:28 of 3rd period - Sam Gagner wins face-off versus Justin Abdelkader in Predators zone.
7:33 of 3rd period - Wrist shot by Sam Gagner.
7:33 of 3rd period - Stopped by Viktor Fasth with a rebound.
7:35 of 3rd period - Snap shot by Jacob Trouba.
7:35 of 3rd period - Stopped by Viktor Fasth without a rebound.
7:36 of 3rd period - Ryan Kesler wins face-off versus Sam Gagner in Predators zone.
7:50 of 3rd period - Backhand shot by Oscar Klefbom.
7:50 of 3rd period - Shot Hit the Post.
8:14 of 3rd period - Slapshot by John Moore.
8:14 of 3rd period - Deflect By Alex Killorn.
8:14 of 3rd period - Stopped by Jonathan Bernier without a rebound.
8:15 of 3rd period - Derek Stepan wins face-off versus Mikael Granlund in Jets zone.
8:22 of 3rd period - Snap shot by Alexander Ovechkin.
8:22 of 3rd period - Shot Misses the Net.
8:57 of 3rd period - Minor Penalty to Justin Faulk for Holding.
8:58 of 3rd period - Alexander Ovechkin wins face-off versus Derek Stepan in Predators zone.
9:13 of 3rd period - Snap shot by Nino Niederreiter.
9:13 of 3rd period - Stopped by Viktor Fasth without a rebound.
9:14 of 3rd period - Alexander Ovechkin wins face-off versus Derek Stepan in Predators zone.
10:57 of 3rd period - Penalty to Justin Faulk is over, Justin Faulk is back on ice.
10:58 of 3rd period - Adam Henrique is hit by Brendan Gallagher and loses puck.
11:34 of 3rd period - Icing by Jared Spurgeon.
11:35 of 3rd period - Ryan Kesler wins face-off versus Derek Roy in Jets zone.
11:54 of 3rd period - Ryan Mcdonagh is hit by Erik Haula and loses puck.
12:22 of 3rd period - Snap shot by Niclas Bergfors.
12:22 of 3rd period - Stopped by Jonathan Bernier with a rebound.
12:28 of 3rd period - Snap shot by Alexander Steen.
12:28 of 3rd period - Stopped by Jonathan Bernier with a rebound.
12:56 of 3rd period - Alexander Edler is hit by Jacob Trouba and loses puck.
13:27 of 3rd period - Slapshot by Niclas Bergfors.
13:27 of 3rd period - Shot Misses the Net.
13:47 of 3rd period - Jacob Trouba is hit by Alexander Edler and loses puck.
14:06 of 3rd period - Snap shot by Niclas Bergfors.
14:06 of 3rd period - Stopped by Jonathan Bernier without a rebound.
14:07 of 3rd period - Mikael Granlund wins face-off versus Derek Stepan in Jets zone.
14:10 of 3rd period - Wrist shot by Mikael Granlund.
14:10 of 3rd period - Shot Misses the Net.
15:20 of 3rd period - Wrist shot by Derek Stepan.
15:20 of 3rd period - Shot Misses the Net.
15:22 of 3rd period - Wrist shot by Adam Henrique.
15:22 of 3rd period - Shot Blocked by Mikael Granlund.
15:24 of 3rd period - Slapshot by Tyler Myers.
15:24 of 3rd period - Shot Blocked by John Moore.
15:50 of 3rd period - Slapshot by Derek Stepan.
15:50 of 3rd period - Shot Blocked by John Moore.
15:52 of 3rd period - Snap shot by Derek Stepan.
15:52 of 3rd period - Stopped by Viktor Fasth with a rebound.
16:30 of 3rd period - Snap shot by Adam Henrique.
16:30 of 3rd period - Stopped by Viktor Fasth without a rebound.
16:31 of 3rd period - Andy Miele wins face-off versus Sam Gagner in Predators zone.
16:53 of 3rd period - Icing by Oscar Klefbom.
16:54 of 3rd period - Nik Antropov wins face-off versus Ryan Johansen in Jets zone.
17:09 of 3rd period - Snap shot by Nik Antropov.
17:09 of 3rd period - Stopped by Jonathan Bernier with a rebound.
17:38 of 3rd period - Ryan Mcdonagh is hit by Nino Niederreiter.
18:54 of 3rd period - Wrist shot by Alex Killorn.
18:54 of 3rd period - Shot Blocked by Sam Gagner.
18:56 of 3rd period - Snap shot by Andy Miele.
18:56 of 3rd period - Stopped by Jonathan Bernier without a rebound.
18:57 of 3rd period - Marc Crawford call a timeout for Jets.
18:57 of 3rd period - Sam Gagner wins face-off versus Ryan Kesler in Jets zone.
19:02 of 3rd period - Alex Killorn is hit by Dwight King and loses puck.
19:23 of 3rd period - John Moore is hit by Kevin Hayes and loses puck.
19:40 of 3rd period - Jets, Jonathan Bernier is pulled from the net.
Goals for this period are 0 for Jets vs 0 for Predators.
Shots for this period are 13 for Jets vs 6 for Predators.
Back to the Top